Cogmind - Beta 16.1 @@@ ROGUE MODE // 2026.06.20 @ 05:45:11 Player: KURIIRI Result: Self-destructed Performance ------------- Evolutions (4) 2000 Regions Visited (5) 1000 Robots Destroyed (96) 480 Value Destroyed (2324) 2324 Prototype IDs (21) 420 Alien Tech Used (0) 0 Bonus (905) 905 TOTAL SCORE: 7129 Bonus ------- High Alert Combat Kills 152 Follower Combat Kills 56 Registered with UFD 300 Met Optimus in HQ 500 Friendly Fire -103 Cogmind --------- Core Integrity 477/850 Matter 234/300 Energy 100/100 System Corruption 9% Temperature Cool (0) Movement Core (50) Location -6/Waste Parts ------- > --- POWER (1) -------- (None) > --- PROPULSION (5) --- (None) > --- UTILITY (7) ------ Enhanced Optical Array Improved Signal Interpreter Hacking Suite Makeshift System Shield A0-MCA's Component Scanner > --- WEAPON (2) ------- (None) > --- INVENTORY (5) ---- Angular Momentum Engine Deep Structural Scanner Improved System Restoration Module Heavy Rocket Launcher Datajack Peak State ------------ > --- POWER ------------ Angular Momentum Engine > --- PROPULSION ------- VSS Leg VSS Leg Improved Antigrav System VTOL Module Cesium-ion Thruster > --- UTILITY ---------- Medium Storage Unit Enhanced Optical Array Improved Signal Interpreter Hacking Suite Makeshift System Shield A0-MCA's Component Scanner > --- WEAPON ----------- Heavy Plasma Cannon Makeshift Hammer > --- INVENTORY -------- Carbon-fiber Leg VSS Leg Deep Structural Scanner Advanced Signal Interpreter Improved System Restoration Module Hypervelocity Gauss Cannon Heavy Rocket Launcher Datajack Multitool [Rating: 60] Favorites ----------- Power Ion Engine Engine Ion Engine Propulsion Light Treads Treads Light Treads Leg VSS Leg Wheel Compact Wheel Hover Unit Improved Airjet Flight Unit VTOL Module Utility High-capacity Storage Unit Device Seismic Detector Storage High-capacity Storage Unit Processor A0-MCA's Component Scanner Hackware Makeshift System Shield Protection Medium Armor Plating Weapon Subdweller Machine Gun Energy Gun Subdweller Laser Energy Cannon Powered Cannon Ballistic Gun Subdweller Machine Gun Launcher Heavy Rocket Launcher Special Weapon Multitool Impact Weapon Makeshift Hammer Slashing Weapon Ripper Build | -11 -10 -10 -8 -6 -6 ------- Run | Yrd Mat Sub Scr Fac Was Slots Evolved 8 | . . . . 8 . Power . | . . . . . . Propulsion 3 | . . . . 3 . Utility 5 | . . . . 5 . Weapon . | . . . . . . Parts Attached 67 | 4 9 23 5 24 2 Power 5 | . 1 1 1 2 . Engine 5 | . 1 1 1 2 . Core . | . . . . . . Reactor . | . . . . . . Propulsion 19 | 2 1 2 3 9 2 Treads 4 | 2 1 1 . . . Leg 4 | . . . . 4 . Wheel 2 | . . 1 . 1 . Hover 2 | . . . . 1 1 Flight 7 | . . . 3 3 1 Utility 24 | 1 7 6 1 9 . Device 5 | 1 1 1 . 2 . Storage 5 | . 3 1 . 1 . Processor 3 | . . . . 3 . Hackware 3 | . . . 1 2 . Protection 8 | . 3 4 . 1 . Artifact . | . . . . . . Weapon 19 | 1 . 14 . 4 . Energy Gun 3 | . . 3 . . . Energy Cannon 3 | . . 2 . 1 . Ballistic Gun 8 | 1 . 7 . . . Ballistic Cannon . | . . . . . . Launcher 1 | . . . . 1 . Special Weapon 1 | . . . . 1 . Impact Weapon 2 | . . 1 . 1 . Slashing Weapon 1 | . . 1 . . . Piercing Weapon . | . . . . . . Special Melee Weapon . | . . . . . . Unidentified Prototypes . | . . . . . . Parts Lost 22 | . 1 8 . 11 2 Power 3 | . . 1 . 2 . Propulsion 10 | . . 2 . 6 2 Utility 7 | . 1 3 . 3 . Weapon 2 | . . 2 . . . Highest Loss Streak 5 | . 1 1 . 5 2 To Critical Strikes . | . . . . . . Average Backups 13 | 4 12 13 17 8 9 Power . | 1 1 . . . . Propulsion 4 | 2 4 4 5 2 2 Utility 4 | . 4 4 6 1 2 Weapon 2 | . 1 3 2 1 1 Tool/Special . | . . . . . . Unused Backups 22 | 4 7 5 2 . 4 Power 2 | 1 1 . . . . Propulsion 4 | . 4 . . . . Utility 5 | 1 1 . 1 . 2 Weapon 10 | 2 1 5 1 . 1 Tool/Special 1 | . . . . . 1 Average Slot Usage (%) 82 | . 99 82 64 84 86 Engine 10 | . 14 10 11 4 6 Treads 18 | . 28 22 11 . . Wheel 2 | . . . 11 . . Flight 2 | . . . 1 21 1 Device 2 | . 7 . . 7 . Storage 9 | . 14 8 11 6 6 Processor 1 | . . . . 11 20 Hackware 2 | . . . 3 16 13 Protection 6 | . 5 11 . . . Energy Gun 1 | . . 3 . . . Energy Cannon 3 | . . 1 12 1 5 Ballistic Gun 14 | . 28 20 . . . Impact Weapon 1 | . . 2 . 5 6 Peak Build Rating 60 | 7 11 23 28 57 60 Average Rating 17 | 6 8 11 23 47 52 On Entrance 21 | 6 7 11 23 27 53 Avg Prop Armor Cover (%) 10 | . . 14 13 7 11 Naked Turns . | . . . . . . Heaviest Build 60 | 12 55 60 54 37 36 Greatest Support 51 | 40 40 40 20 51 51 Greatest Overweight (x) 6 | . 1 3 6 4 . Average Overweight (x) 1 | . . . 2 . . Largest Inventory Capacity 20 | 8 20 20 20 20 10 Average Capacity 15 | 8 17 14 19 10 9 Most Carried 20 | 6 20 20 20 15 10 Average Carried 13 | 4 12 13 17 8 9 Final Capacity 20 | 8 20 20 20 10 5 Final Carried 20 | 4 19 20 16 7 5 Class Distribution -------------------- 69% | Mutant 11% | Subdweller-Mutant 8% | Hacker-Mutant 6% | Scavenger-Mutant Dominant Class ---------------- Mutant | -10/Materials Mutant | -10/Subcaves Mutant | -8/Scraptown Hacker-Mutant | -6/Factory Hacker-Mutant | -6/Waste Resources | -11 -10 -10 -8 -6 -6 ----------- Run | Yrd Mat Sub Scr Fac Was Matter Collected 2098 | 308 547 591 196 456 . Remotely . | . . . . . . Salvage Created 3067 | 309 709 1057 . 992 . Parts 188 | 28 52 64 . 44 . Haulers Intercepted 4 | . 2 . . 2 . Recyclers Shooed 1 | . 1 . . . . Parts Field Recycled . | . . . . . . Retrieved Matter . | . . . . . . Parts Self-Destructed 14 | . . 14 . . . Prevented . | . . . . . . Parts Restored . | . . . . . . Kills | -11 -10 -10 -8 -6 -6 ------- Run | Yrd Mat Sub Scr Fac Was Combat Hostiles Destroyed 60 | . 14 27 . 19 . Melee 3 | . . 1 . 2 . Guns 35 | . 14 21 . . . Cannons 4 | . . 3 . 1 . AOE 14 | . . . . 14 . Classes Destroyed 13 | 3 6 3 . 1 . Worker 9 | 2 2 . . 5 . Builder 2 | . 1 . . 1 . Tunneler 13 | 9 3 . . 1 . Hauler 4 | . 2 . . 2 . Recycler 3 | 1 . . . 2 . Operator 2 | . 1 . . 1 . Watcher 3 | . 3 . . . . Swarmer 22 | . 6 4 . 12 . Grunt 16 | . 8 3 . 5 . Sentry 1 | . . 1 . . . Programmer 2 | . . . . 2 . Artisan 3 | . . 3 . . . Subdweller 19 | . . 19 . . . Best Kill Streak 13 | 4 5 4 . 13 . Combat Bots Only 8 | . 3 4 . 8 . Max Kills in Single Turn 5 | 1 1 2 . 5 . Gunslinging 1 | . . 1 . . . Exploded 3 | . . . . 3 . Melee 1 | . . 1 . 1 . Uniques/NPCs Destroyed . | . . . . . . Combat | -11 -10 -10 -8 -6 -6 -------- Run | Yrd Mat Sub Scr Fac Was Hostile Shots Fired 295 | . 53 104 . 136 2 Missed 93 | . 14 28 . 51 . Hits 202 | . 39 76 . 85 2 Melee 2 | . . . . . 2 Projectile 200 | . 39 76 . 85 . AOE 4 | . . 4 . . . Critical Strikes 8 | . . 1 . 6 1 Part Disruptions 1 | . . . . 1 . Damage Taken 3483 | . 375 1622 . 1426 60 Core 584 | . 34 177 . 313 60 Absorbed by Shields . | . . . . . . Regen/Repaired (Parts) 115 | . . . 115 . . Core Remaining (%) 57 | 100 . . 15 . . Volleys Fired 233 | 35 67 118 . 13 . Largest 2 | 2 2 2 . 1 . Hottest 90 | 40 40 90 . 90 . Shots Fired 414 | 70 134 197 . 13 . Gun 386 | 70 134 182 . . . Cannon 19 | . . 15 . 4 . Launcher 9 | . . . . 9 . Special . | . . . . . . Kinetic 364 | 70 134 160 . . . Thermal 41 | . . 37 . 4 . Explosive 9 | . . . . 9 . Electromagnetic . | . . . . . . Robot Hit Streak 38 | 11 9 38 . 9 . Robot Miss Streak 7 | 2 7 3 . 1 . Penetration Max . | . . . . . . Secondary Targets 4 | . 1 3 . . . Max Gunslinging Chain 1 | . 1 1 . . . Shots Hit Robots 307 | 49 83 140 . 35 . Core Hits 142 | 22 43 46 . 31 . Critical Kills 5 | . . 4 . 1 . Critical Parts Destroyed 8 | 1 . 3 . 4 . Critical Strikes 16 | 1 . 10 . 5 . Meltdown 3 | . . 3 . . . Destroy 8 | 1 . 7 . . . Smash 5 | . . . . 5 . Melee Attacks 109 | . . 36 . 73 . Impact 105 | . . 32 . 73 . Slashing 4 | . . 4 . . . Piercing . | . . . . . . Sneak Attacks 9 | . . 2 . 7 . Combat Hostiles . | . . . . . . Follow-up Attacks . | . . . . . . Damage Inflicted 7448 | 332 910 3011 . 3195 . Guns 3653 | 332 874 2447 . . . Cannons 403 | . . 363 . 40 . Explosions 1390 | . . . . 1390 . Melee 1966 | . . 201 . 1765 . Ramming 36 | . 36 . . . . Kinetic 3364 | 332 874 2158 . . . Thermal 692 | . . 652 . 40 . Explosive 1390 | . . . . 1390 . Electromagnetic . | . . . . . . Impact 1793 | . . 28 . 1765 . Slashing 173 | . . 173 . . . Piercing . | . . . . . . Highest Corruption 9 | . . . . 9 9 Average Corruption 4 | . . . . 4 9 Corruption Purged . | . . . . . . Corruption Blocked . | . . . . . . Effects 17 | . . . . 13 4 Message Errors 7 | . . . . 4 3 Matter Fused 2 | . . . . 1 1 Heat Flow Errors 1 | . . . . 1 . Energy Discharges 2 | . . . . 2 . Data Loss (minor) 4 | . . . . 4 . Data Loss (major) 1 | . . . . 1 . Overload Shots . | . . . . . . Overflow Damage 586 | . . 47 . 539 . Projectiles 1 | . . 1 . . . Explosions 27 | . . . . 27 . Melee 558 | . . 46 . 512 . Knockbacks 5 | . . . . 5 . Impact 4 | . . . . 4 . Kinetic . | . . . . . . Secondary 1 | . . . . 1 . Self-Inflicted Damage . | . . . . . . Shots . | . . . . . . Rammed 8 | . 8 . . . . Targets Rammed 8 | . 8 . . . . Kicked . | . . . . . . Crushed . | . . . . . . Highest Temperature 111 | . 24 1 . 111 . Average Temperature 14 | . 7 1 . 38 . Received Heat Transfer 657 | . 90 294 . 273 . Siege Activations . | . . . . . . Martial Activations . | . . . . . . Shielding Activations . | . . . . . . Robots Disrupted . | . . . . . . Combat Hostiles . | . . . . . . Robots Corrupted 4 | . . . . 4 . Combat Hostiles 2 | . . . . 2 . Parts Fried 5 | . . . . 5 . Impact Corruptions 18 | . . . . 18 . Robots Melted 3 | . . 3 . . . Combat Hostiles 2 | . . 2 . . . Parts Melted 7 | . . 7 . . . Heat Transferred 770 | . . 720 . 50 . Parts Sabotaged . | . . . . . . Parts Stolen . | . . . . . . Parts Stripped . | . . . . . . Power Chain Reactions 1 | . . . . 1 . Alert | -11 -10 -10 -8 -6 -6 ------- Run | Yrd Mat Sub Scr Fac Was Maximum Alert Level 3 | . . . . 3 1 Low Security (%) 80 | 100 100 . . 48 . Level 1 3 | . . . . 4 100 Level 2 11 | . . . . 33 . Level 3 4 | . . . . 13 . Level 4 . | . . . . . . Level 5 . | . . . . . . High Security . | . . . . . . Max Security . | . . . . . . Peak Influence 831 | 15 145 . . 831 290 Initial 290 | . . . . . 290 Average 152 | 2 34 . . 376 263 Influence Increases 2232 | 60 481 225 . 1466 . Destroy 0b10 Robot/C 860 | . 280 160 . 420 . Destroy 0b10 Robot/NC 180 | 60 60 . . 60 . Destroy Leader 154 | . 60 20 . 74 . Allied During Kill 18 | . . . . 18 . Successful Hack 24 | . 20 . . 4 . Select Force Hacks 110 | . 60 . . 50 . Disable Machine 75 | . . . . 75 . Destroy Structure 76 | . 1 . . 75 . Partial Spotted 60 | . . . . 60 . Lose Combat Pursuer 675 | . . 45 . 630 . Influence Decreases 2022 | 60 369 337 . 635 621 Entered New Map 596 | . . 55 . . 541 Time Decay 1136 | 60 359 242 . 435 40 Lost Part 180 | . 10 40 . 110 20 Lost Ally 110 | . . . . 90 20 Squads Dispatched 18 | . 4 . . 14 . Investigation 11 | . 3 . . 8 . Extermination 3 | . . . . 3 . Reinforcement 3 | . 1 . . 2 . Assault 1 | . . . . 1 . Garrison . | . . . . . . Intercept . | . . . . . . Searches Triggered . | . . . . . . Construction Impeded . | . . . . . . Haulers Reinforced 1 | . . . . 1 . Active Scanning Responses . | . . . . . . Cargo Convoy Interrupts 1 | . . . . 1 . Stealth | -11 -10 -10 -8 -6 -6 --------- Run | Yrd Mat Sub Scr Fac Was Distress Signals 2 | . 1 . . 1 . Communications Jammed . | . . . . . . Distress Signals . | . . . . . . Times Spotted 119 | . 20 28 . 65 6 Peak Tracking Total 11 | . 7 4 . 11 6 Tactical Retreats 18 | . . 1 . 16 1 Traps | -11 -10 -10 -8 -6 -6 ------- Run | Yrd Mat Sub Scr Fac Was Traps Triggered 4 | . 1 2 . 1 . Indirectly . | . . . . . . Trap Hack Attempts . | . . . . . . Triggered . | . . . . . . Disarmed . | . . . . . . Reprogrammed . | . . . . . . Reused . | . . . . . . Traps Extracted . | . . . . . . Installed . | . . . . . . Triggered . | . . . . . . Machines | -11 -10 -10 -8 -6 -6 ---------- Run | Yrd Mat Sub Scr Fac Was Machines Disabled 6 | . . 1 . 5 . Max in Single Turn 2 | . . 1 . 2 . Garrison Access 1 | . . . . 1 . Machines Repaired . | . . . . . . Machines Dismantled . | . . . . . . Machines Sabotaged . | . . . . . . Overloaded Fab Kills 1 | . . . . 1 . Hacking | -11 -10 -10 -8 -6 -6 --------- Run | Yrd Mat Sub Scr Fac Was Machines Accessed 31 | . 9 2 3 17 . Terminals 11 | . 6 . . 5 . Fabricators 5 | . . . . 5 . Repair Stations 1 | . 1 . . . . Recycling Units 7 | . 2 . . 5 . Scanalyzers 1 | . . . . 1 . Garrison Access 1 | . . . . 1 . Total Hacks 101 | . 25 2 22 52 . Successful 64 | . 11 2 22 29 . Failed 35 | . 13 . . 22 . Catastrophic 1 | . 1 . . . . Database Lockouts 2 | . 1 . . 1 . Manual 53 | . 22 . . 31 . Terminals 44 | . 20 . . 24 . Fabricators 12 | . . . . 12 . Repair Stations 3 | . 3 . . . . Recycling Units 8 | . 2 . . 6 . Scanalyzers 5 | . . . . 5 . Garrison Access 5 | . . . . 5 . Terminal Hacks 30 | . 2 2 22 4 . Record 22 | . . . 22 . . Part Schematic 1 | . . . . 1 . Robot Analysis 2 | . 2 . . . . Open Door 1 | . . 1 . . . Branch Access Points 1 | . . . . 1 . Locate Traps 1 | . . . . 1 . Hauler Manifests 1 | . . . . 1 . Proto ID Catalog 1 | . . 1 . . . Fabricator Hacks 5 | . . . . 5 . Network Status 1 | . . . . 1 . Load Schematic 2 | . . . . 2 . Build 2 | . . . . 2 . Repair Station Hacks 1 | . 1 . . . . Scan Component 1 | . 1 . . . . Recycling Unit Hacks . | . . . . . . Scanalyzer 4 | . . . . 4 . Insert Component 1 | . . . . 1 . Analyze 1 | . . . . 1 . Retrieve Study 2 | . . . . 2 . Garrison Access Hacks 1 | . . . . 1 . Seal Access 1 | . . . . 1 . Unauthorized Hacks 23 | . 8 . . 15 . Terminals 15 | . 6 . . 9 . Track 1 | . . . . 1 . Assimilate 2 | . 1 . . 1 . Botnet 2 | . . . . 2 . Operators 1 | . . . . 1 . Skim 9 | . 5 . . 4 . Fabricators 1 | . . . . 1 . Overload 1 | . . . . 1 . Repair Stations . | . . . . . . Recycling Units 7 | . 2 . . 5 . Tunnel 2 | . 2 . . . . Fedlink 5 | . . . . 5 . Scanalyzers . | . . . . . . Garrison Access . | . . . . . . Data Cores Recovered 1 | . . . . 1 . Used . | . . . . . . Hacking Detections 16 | . 6 . . 10 . Full Trace Events 3 | . 1 . . 2 . Feedback Events . | . . . . . . Feedback Blocked . | . . . . . . Robot Schematics Acquired . | . . . . . . Robots Built . | . . . . . . Authchips . | . . . . . . Time . | . . . . . . Total Robot Build Rating . | . . . . . . Part Schematics Acquired 2 | . . . . 2 . Parts Built 4 | . . . . 4 . Authchips . | . . . . . . Time 212 | . . . . 212 . Total Part Build Rating 24 | . . . . 24 . Part Studies Acquired 2 | . . . . 2 . Parts Repaired . | . . . . . . Time . | . . . . . . Parts Recycled . | . . . . . . Recycled Matter . | . . . . . . Retrieved Matter . | . . . . . . Retrieved Components . | . . . . . . Parts Scanalyzed 1 | . . . . 1 . Part Schematics Acquired 1 | . . . . 1 . Parts Damaged . | . . . . . . Bothacking | -11 -10 -10 -8 -6 -6 ------------ Run | Yrd Mat Sub Scr Fac Was Used RIF Installer . | . . . . . . Robots Hacked . | . . . . . . Non-combat . | . . . . . . Combat . | . . . . . . Robot Hacks Applied . | . . . . . . Relay Couplers Released . | . . . . . . Fabnet Peak Effective % . | . . . . . . Robots Rewired . | . . . . . . Allies Hacked . | . . . . . . Hacks Repelled . | . . . . . . Allies | -11 -10 -10 -8 -6 -6 -------- Run | Yrd Mat Sub Scr Fac Was Total Allies 14 | . . . . 13 1 Largest Group 8 | . . . . 8 1 Highest-Rated Group 163 | . . . . 163 31 Highest-Rated Ally 31 | . . . . 31 31 Initial UFD Resources 42 | . . . . 22 42 Total Orders . | . . . . . . Ally Attacks 45 | . . . . 31 14 Total Damage 779 | . . . . 637 142 Kills 2 | . . . . 2 . Allies Corrupted . | . . . . . . Allies Melted . | . . . . . . Intel | -11 -10 -10 -8 -6 -6 ------- Run | Yrd Mat Sub Scr Fac Was Active Infowar (turns) 2603 | 15 1246 176 . 1078 88 Optics 548 | . . . . 460 88 Sensors 617 | . . . . 617 . Terrain 176 | . . 176 . . . Structural 418 | . . . . 418 . Seismic 1261 | 15 1246 . . . . Robot Analysis Total 2 | . 2 . . . . Derelict Logs Recovered 5 | . . 2 3 . . Drone Launches . | . . . . . . Drone Recoveries . | . . . . . . Exploration | -11 -10 -10 -8 -6 -6 ------------- Run | Yrd Mat Sub Scr Fac Was Turns Passed 11806 | 252 2222 5492 2455 1297 88 Spaces Moved 6279 | 37 795 2073 1643 1645 86 Core 30 | . . . 2 27 1 Treads 2836 | 25 795 1944 72 . . Legs 360 | 12 . . . 269 79 Wheels 1543 | . . 129 1410 4 . Hover 2 | . . . . 2 . Flight 1508 | . . . 159 1343 6 Fastest Speed 29 | 120 160 145 42 29 50 Average Speed 150 | 147 209 214 147 46 90 Slowest Speed 615 | 160 240 320 615 250 97 Overloaded Moves . | . . . . . . Propulsion Burnouts . | . . . . . . Robots Hopped 2 | . . . . 2 . Potential Cave-ins . | . . . . . . Cave-ins Triggered . | . . . . . . Exploration Rate (%) 65 | 3 93 93 86 46 70 Regions Visited 5 Branch Regions 2 Pre-discovered Areas 9 | . 2 1 5 1 . Known Exits Taken 1 | . . . 1 . . Unknown Exits Taken 3 | 1 1 1 . . . Scrap Searched 21 | . . 17 4 . . Spaces Dug 29 | . . 10 . 19 . Terrain Destroyed 95 | . . 17 . 78 . Melee 26 | . . 9 . 17 . Projectile 11 | . . 8 . 3 . AOE 58 | . . . . 58 . Terrain Rammed . | . . . . . . Walls Destroyed . | . . . . . . Machines Disabled . | . . . . . . Actions | -11 -10 -10 -8 -6 -6 --------- Run | Yrd Mat Sub Scr Fac Was Total 8124 | 180 1220 2869 1679 2079 97 Wait 1260 | 101 308 547 . 304 . Move 6271 | 36 794 2072 1642 1641 86 Hop 2 | . . . . 2 . Pick Up 80 | 1 21 32 18 5 3 Fast Attach 32 | 1 5 12 5 9 . Attach 26 | 3 . 3 2 17 1 Detach 12 | . . 4 . 5 3 Swap 27 | . 6 13 2 4 2 Drop 55 | 3 11 24 10 5 2 Fire 233 | 35 67 118 . 13 . Melee 109 | . . 36 . 73 . Ram . | . . . . . . Kick . | . . . . . . Crush 8 | . 8 . . . . Escape Stasis . | . . . . . . Rewire . | . . . . . . Trap . | . . . . . . Miscellaneous 9 | . . 8 . 1 . Route ------- -11/Scrapyard -10/Materials (discovered 5 exits: *Mat x3 / [*Min] / *Sub) -10/Subcaves (discovered 3 exits: *Mat x2 / *Scr) -8/Scraptown (discovered 2 exits: *Fac x2) -6/Factory (discovered 5 exits: *Fac x3 / Low x2) -6/Waste History --------- Turn | Location | Event 25 | -11/Scrapyard | Discovered new exit (range 3) 253 | -11/Scrapyard | Entered Materials 303 | -10/Materials | Build established: Mutant 529 | -10/Materials | Discovered new exit (range 13) 1278 | -10/Materials | Learned location of 2 exits from Mines 1340 | -10/Materials | Identified exit to Materials 1391 | -10/Materials | Learned 2 Storage zone layouts 1464 | -10/Materials | Learned 2 Mines zone layouts 1476 | -10/Materials | Central database locked down 1557 | -10/Materials | Discovered new exit (range 9) 1611 | -10/Materials | Learned Materials emergency access door positions 2048 | -10/Materials | Discovered exit to Materials (range 12) 2475 | -10/Materials | Entered Subcaves 2476 | -10/Subcaves | Approached by a straggling Scientist 2476 | -10/Subcaves | Identified exit to Materials 2720 | -10/Subcaves | Shifting Twisted Machinery released Mak. Shrapnel Gun 3071 | -10/Subcaves | A swath of the cavern ceiling suddenly collapsed 3320 | -10/Subcaves | Visited 4L-MR0's lab 3609 | -10/Subcaves | Scientist uncovered a shortcut to Scraptown 3820 | -10/Subcaves | Learned Materials stockpile data 4158 | -10/Subcaves | Build established: Scavenger-Mutant 4193 | -10/Subcaves | Ambushed by Subdweller buried in earth 4732 | -10/Subcaves | Build established: Mutant 4934 | -10/Subcaves | Shifting Twisted Machinery released Mak. Sword 5455 | -10/Subcaves | Ambushed by Subdweller buried in earth 5572 | -10/Subcaves | Shifting Twisted Machinery released Flamer 5579 | -10/Subcaves | Shifting Twisted Machinery released Lgt. Humpback 5928 | -10/Subcaves | Core integrity fell below 50% 5933 | -10/Subcaves | Build established: Subdweller-Mutant 6336 | -10/Subcaves | A swath of the cavern ceiling suddenly collapsed 6490 | -10/Subcaves | Disturbed a concealed Subdweller 7155 | -10/Subcaves | Core integrity fell below 20% 7462 | -10/Subcaves | Build established: Mutant 7912 | -10/Subcaves | Found Powered Cannon 7913 | -10/Subcaves | Attached Powered Cannon, gained temporary slot: Power 7967 | -10/Subcaves | Entered Scraptown 8130 | -8/Scraptown | Visited Comm Corps 8169 | -8/Scraptown | Visited CR-KLE's Repair Center 8175 | -8/Scraptown | Heard Great Nut preacher, LISTEN AND RECITE! 8400 | -8/Scraptown | Discovered new exit (range 11) 8501 | -8/Scraptown | Scanned Subdweller tech in exchange for log data 8504 | -8/Scraptown | Learned Factory interactive machine intel 8505 | -8/Scraptown | Learned Factory garrison access intel 8507 | -8/Scraptown | Learned location of 1 exit from Factory 8546 | -8/Scraptown | Visited SPCMW 8558 | -8/Scraptown | Visited Awakened 8566 | -8/Scraptown | Visited The Evicted 8701 | -8/Scraptown | Visited UFD Registry 8710 | -8/Scraptown | Registered with UFD as "Toolwarp" 8727 | -8/Scraptown | Visited Cyclists 8737 | -8/Scraptown | Entered Cyclist Reading Room 8761 | -8/Scraptown | Visited Symbiants 8836 | -8/Scraptown | Guru changed UFD alias to "Gaussnuts" 9025 | -8/Scraptown | Visited Abandonware Association 9039 | -8/Scraptown | Learned abandonware demo "TRNCOAT.EXE" 9072 | -8/Scraptown | Visited Junk Repository 9110 | -8/Scraptown | Visited Research Penetration Think Tank 9244 | -8/Scraptown | Visited Science Guys 9281 | -8/Scraptown | Visited Junk Repository 9311 | -8/Scraptown | Visited Science Testing Area 9333 | -8/Scraptown | Visited A0-MCA Data Center 9342 | -8/Scraptown | Given a C- rating by A0-MCA 9371 | -8/Scraptown | Visited Chapter 10 9394 | -8/Scraptown | Visited Cartography Club 9446 | -8/Scraptown | Learned location of Lower Caves (-6) 9446 | -8/Scraptown | Learned location of Zion (-7) 9446 | -8/Scraptown | Learned location of Warlord (-4) 9446 | -8/Scraptown | Learned 8 Factory zone layouts 9446 | -8/Scraptown | Learned 20 Factory zone layouts 9446 | -8/Scraptown | Learned 12 Lower Caves zone layouts 9446 | -8/Scraptown | Learned 16 Lower Caves zone layouts 9446 | -8/Scraptown | Learned 24 Proximity Caves zone layouts 9446 | -8/Scraptown | Learned location of 1 exit from Factory 9446 | -8/Scraptown | Learned location of 2 exits from Factory 9446 | -8/Scraptown | Identified exit to Factory 9446 | -8/Scraptown | Learned location of 1 exit from Upper Caves 9461 | -8/Scraptown | Found Deep Structural Scanner 9760 | -8/Scraptown | CR-KLE repaired 3 parts 9997 | -8/Scraptown | Found A0-MCA's Component Scanner 10332 | -8/Scraptown | Met Optimus 10332 | -8/Scraptown | Accepted into 0bPrime 10422 | -8/Scraptown | Entered Factory 10422 | -6/Factory | Evolved 8 slots: Propulsion x3, Utility x5 10423 | -6/Factory | Identified exit to Factory 10424 | -6/Factory | Identified exit to Lower Caves 10426 | -6/Factory | Loaded intel: 54 interactive machine locations 10427 | -6/Factory | Loaded intel: 4 garrison access locations 10506 | -6/Factory | Central database locked down 10724 | -6/Factory | Build established: Hacker-Mutant 10974 | -6/Factory | Loaded intel: 8 recycling unit locations 10987 | -6/Factory | Learned location of Protoforge (-2) 11092 | -6/Factory | Fabricated Hyp. Gauss Cannon? 11098 | -6/Factory | Fabricated Hyp. Gauss Cannon? 11122 | -6/Factory | First assault squad dispatched 11134 | -6/Factory | Destroyed 8 combat bots 11226 | -6/Factory | Spotted B-75 Beast 11245 | -6/Factory | Build established: Hacker-Sprinter 11257 | -6/Factory | Allies destroyed B-75 Beast 11262 | -6/Factory | Found Powered Armor 11355 | -6/Factory | Lost 5 parts (4n1u) 11537 | -6/Factory | Cargo convoy interrupted 11587 | -6/Factory | Build established: Hacker-Mutant 11719 | -6/Factory | Manually triggered Chute Trap 11719 | -6/Factory | Sucked down chute 11719 | -6/Factory | Entered Waste 11720 | -6/Waste | Met a frightened Derelict 11737 | -6/Waste | Spotted C-40 Crusher 11743 | -6/Waste | Spotted C-40 Crusher 11763 | -6/Waste | Spotted C-40 Crusher 11763 | -6/Waste | Spotted C-40 Crusher 11788 | -6/Waste | Spotted C-40 Crusher 11788 | -6/Waste | Spotted C-40 Crusher 11804 | -6/Waste | Crushed by Compactor (1 part destroyed, 2 dropped) 11806 | -6/Waste | Crushed by Compactor (1 part destroyed, 2 dropped) 11807 | -6/Waste | Self-destructed Last Messages --------------- can do if you allow them to get too close... Maybe together we can make it." 11724_ Acquired Imp. Antigrav System. 11727_ System corrupted: Matter fused (-7). 11747_ Acquired Broken Adv. Signal Interpreter. 11750_ EXHIT&GPMY3KC6>H662J|Q XPP 11759_ Acquired Broken Hyp. Gauss Cannon. 11767_ Y/D G:Q 11806_ Cesium-ion Thruster crushed. 11806_ Med. Storage Unit crushed. Map ----- +----------------------------------------------------+ | ?????????????????????????????????????????????????? | | ?????????????????????????????????????????????????? | | ?????????????????????????????????????????????????? | | #####??????######??????######????????????????????? | | #??????# #??????# #????????????????????? | | #??????# #??????# #????????????????????? | | #??????# #??????# #????????????????????? | | #??????# #??????# #????????????????????? | | ######## #??????# ###??????????????????? | | #??????# #??????????????????? | | #??????# #??????????????????? | | #??????# ???????????????????? | | #??????# ????????????????????? | | ######## #??????# #????????????????????? | | #??????# #??????# #????????????????????? | | #??????# #??????# #????????????????????? | | #??????# #??????# #????????????????????? | | #??????# ######## = ###??????????????????? | | #??????# = = #??????????????????? | | #??????# #??????????????????? | | #??????# CC #??????????????????? | | #??????# CC ! #??????????????????? | | #??????# ######## =###??????????????????? | | #??????# #??????#|] =#????????????????????? | | #??????# #??????#!=/ #????????????????????? | | #??????# #??????# @CC#????????????????????? | | #??????# #??????# ]CC#????????????????????? | | ?????? #??????# ???????????????????? | | ????? #??????# ?????????????????? | | ???? #??????# ???????????????? | | ??? #??????# ! ?????????????? | | ##?##### #??????# #### ???????????? | | #??????# #??????# #??? !?????????? | | ???????# ! #??????# #???? ???????? | | ???????????# #??????# #?????#########??????? | | ???????????# #??????# #????????????????????? | | ???????????######?????? ????????????????????? | | ??????????????????????? ????????????????????? | | ??????????????????????? ????????????????????? | | ??????????????????????? ????????????????????? | | ?????????????????????? ???????????????????? | | ?????????????????????? ???????????????????? | | ?????????????????????? ???????????????????? | | ?????????????????????? ???????????????????? | | ??????????????????????#########??????????????????? | | ?????????????????????????????????????????????????? | | ?????????????????????????????????????????????????? | | ?????????????????????????????????????????????????? | | ?????????????????????????????????????????????????? | | ?????????????????????????????????????????????????? | +----------------------------------------------------+ Best States ------------- Heat Dissipation 37 Energy Generation 18 Energy Capacity 300 Matter Stores 300 Matter Capacity 300 Sight Range 22 Robot Scan Range 16 Terrain Scan Range 16 Terrain Scan Density 10 Armor Coverage 800 Weapon Shielding 33 Evasion (%) 64 Recoil Reduction 2 Offensive Hacking 20 Defensive Hacking 11 Item Schematics ----------------- Multitool | -6/Factory | Scanalyzed Hyp. Gauss Cannon | -6/Factory | Hacked Robot Schematics ------------------ None Fabricated ------------ Hyp. Gauss Cannon | x2 | -6/Factory Hyp. Gauss Cannon | x2 | -6/Factory Repaired ---------- Nothing Studied --------- Ion Engine | -6/Factory | Hacked VTOL Module | -6/Factory | Hacked Alien Tech Used ----------------- None Achievements -------------- None Challenges ------------ None Game ------ Seed DeflectorStrikeInterface Manual? 0 Play Time 00:59:08 Cumulative 575.2 hours Start 2026.06.20 @ 04:42:27 End 2026.06.20 @ 05:45:11 Sessions 1 Manual Loads 0 Difficulty Rogue Special Mode None Game No. 490 Rogue 454 Adventurer 36 Explorer 0 Win Type - Total 5 Types 2/0/0/1/0/0/0/2/0/0 Lore% 83 Gallery% 73 Achievement% 64 Wizard Run 0 Options --------- Layout 2 ASCII 0 Keyboard 0 Movement Numpad Keybinds 0 Fullscreen 1 Font 48/Smallcaps Map View 50x44 Zoom Use 0% Tactical HUD 1 Map Filters NONE Filters NONE Steam 1 RUN: 546dcd8d-d122-454f-b63b-b10ce6853b0c